 Dungeon Crawl Stone Soup version 0.30-a0-304-gdc4b735fe1 (webtiles) character file.

Game seed: 9155311779348594919

82 NinjaNoafa the Gusty (level 4, 0/33 HPs)
             Began as a Demigod Air Elementalist on Oct 20, 2022.
             Succumbed to an adder's poison
             ... on level 6 of the Dungeon.
             The game lasted 00:04:23 (2223 turns).

NinjaNoafa the Gusty (Demigod Air Elementalist)     Turns: 2223, Time: 00:04:23

Health: 0/33       AC:  6    Str:  9    XL:     4   Next: 1%
Magic:  9/9        EV: 10    Int: 21    God:
Gold:   95         SH:  2    Dex:  9    Spells: 5/6 levels left

rFire   + . .      SeeInvis .    q - +1 dagger (venom)
rCold   + . .      Faith    .    c - +0 buckler
rNeg    + + .      Spirit   .    t - +3 leather armour "Furoclo" {rN++ rCorr Dex-5}
rPois   +          Reflect  .    (no helmet)
rElec   +          Harm     .    (no cloak)
rCorr   +          Rampage  .    (no gloves)
Will    .....                    (no boots)
Stlth   +.........               d - amulet of the acrobat
HPRegen 0.25/turn                (no ring)
MPRegen 0.11/turn                (no ring)

@: lethally poisoned (0 -> -2), resistant
A: high MP 1, forlorn, divine attributes
a: no special abilities


You were on level 6 of the Dungeon.
You visited 1 branch of the dungeon, and saw 4 of its levels.

You collected 95 gold pieces.

Inventory:

Hand Weapons
 q - a +1 dagger of venom (weapon)
Missiles
 h - 3 silver javelins
 j - 32 stones
 r - a throwing net
Armour
 c - a +0 buckler (worn)
 t - the +3 leather armour "Furoclo" (worn) {rN++ rCorr Dex-5}
   (You found it on level 3 of the Dungeon)

   Dex:       It affects your dexterity (-5).
   rN:        It greatly protects you from negative energy.
   rCorr:     It protects you from acid and corrosion.
Jewellery
 d - an amulet of the acrobat (around neck)
Scrolls
 e - a scroll of immolation {unknown}
 g - a scroll of noise {unknown}
 i - 2 scrolls of teleportation {unknown}
 m - a scroll of blinking {unknown}
 n - 2 scrolls of identify {unknown}
 o - a scroll of magic mapping {unknown}
 p - a scroll of enchant armour {unknown}
Potions
 f - a potion of mutation {unknown}
 k - a potion of curing {unknown}
 l - a potion of resistance
 s - a potion of invisibility {unknown}


   Skills:
 - Level 1.7 Dodging
 - Level 1.7 Stealth
 - Level 1.7 Spellcasting
 + Level 2.6 Conjurations
 + Level 3.7 Air Magic


You had 5 spell levels left.
You knew the following spells:

 Your Spells              Type           Power      Damage    Failure   Level
a - Shock                 Conj/Air       60%        1d6       8%          1

Your spell library contained the following spells:

 Spells                   Type           Power      Damage    Failure   Level
 Static Discharge         Conj/Air       30%        2-4/arc   12%         2
 Swiftness                Air            17%        N/A       19%         3
 Airstrike                Air            8%         2d(2-18)  52%         4


Dungeon Overview and Level Annotations

Branches:
Dungeon (6/15)
 Temple: D:4-7


Innate Abilities, Weirdness & Mutations

You have an increased reservoir of magic. (+10% MP)
You shall have no god before yourself.
Your divine heritage dramatically boosts your attributes as you level up.


Message History

The white imp hits you but does no damage.
The white imp attacks as you move away! The white imp closely misses you.
You barely miss the white imp.
The white imp is heavily wounded.
The adder bites you. The white imp gestures at you. The puff of frost hits you.
You barely miss the adder. The adder bites you.
You are poisoned.
The adder poisons you! The adder bites you.
You are more poisoned.
The adder poisons you! The white imp closely misses you.
You feel sick.
You are too injured to fight recklessly!
Aiming: Shock (safe; 8% risk of failure)
Press: ? - help, Q - select action, (/) - cycle Shift-Dir - straight line, f/p - white imp
Aim: a white imp (heavily wounded, 71% to hit)
The zap hits the white imp.
The white imp is almost dead.
You feel sick. The adder bites you but does no damage.
The white imp gestures at you. The puff of frost misses you.
Aiming: Shock (safe; 8% risk of failure)
Press: ? - help, Q - select action, (/) - cycle Shift-Dir - straight line, f/p - white imp
Aim: a white imp (almost dead, 71% to hit)
The zap hits the white imp but does no damage.
The white imp is almost dead.
You feel sick. The adder bites you but does no damage.
The white imp gestures at you. The puff of frost hits you!
* * * LOW HITPOINT WARNING * * *
The adder barely misses you. Magic courses through your body.
* * * LOW HITPOINT WARNING * * *
You feel sick. The adder bites you but does no damage.
The white imp gestures at you. The puff of frost misses you.
It was a potion of resistance.
You feel protected.
You die...

#.... #<...##
#.....## .
##......# ..
##.......#####...
.................
.................
...>.......$.....
.......@S[.......
........5...$....
...............>.
.......)........<
.................
.....$...##.#....
#.#.#####. .#....
.... . ## ...


You could see an adder and a white imp.

Vanquished Creatures
  3 adders (D:2)
  2 dart slugs
  4 ball pythons
  6 bats (D:1)
  6 endoplasms
  5 goblins
  6 hobgoblins
  3 jackals (D:2)
  2 quokkas (D:1)
  2 frilled lizards
  5 kobolds
  3 rats
47 creatures vanquished.

Notes
Turn   | Place    | Note
-------+----------+-------------------------------------------
     0 | D:1      | NinjaNoafa the Demigod Air Elementalist began the quest for
                  | the Orb.
     0 | D:1      | Reached XP level 1. HP: 14/14 MP: 5/5
    11 | D:1      | Reached skill level 1 in Conjurations
   196 | D:1      | Reached skill level 3 in Air Magic
   242 | D:1      | Reached XP level 2. HP: 20/20 MP: 4/7
  1036 | D:2      | Reached XP level 3. HP: 26/26 MP: 3/8
  1985 | D:2      | Reached XP level 4. HP: 33/33 MP: 6/9
  2178 | D:3      | Identified the +3 leather armour "Furoclo" {rN++ rCorr
                  | Dex-5}
  2208 | D:3      | You fall into a shaft and drop 3 floors!
  2222 | D:6      | HP: 1/33 [poisoned by an adder]
  2223 | D:6      | Succumbed to an adder's poison

Illustrated notes

Levels and vault maps discovered:
D:1:      minmay_arrival_three_doors, layout_loops_ring
D:2:      layout_loops_ring
D:3:      minmay_razor_zed, layout_rooms, mainiacjoe_overflow_catwalk,
          uniq_robin
D:6:      layout_rooms, grunt_temple_overflow_order_and_chaos_2, serial_shops,
          shop, nicolae_shop_vocational, uniq_sigmund

Skill      XL: |  1  2 |
---------------+-------+-----
Conjurations   | 1 2 |  2.6
Air Magic      | 3 |  3.7
Dodging        | |  1.7
Stealth        | |  1.7
Spellcasting   | |  1.7

Action                   |  1- 3 |  4- 6 || total
-------------------------+-------+-------++-------
Melee: Dagger            |    23 |     2 ||    25
Throw: Javelin           |     1 |       ||     1
 Cast: Shock             |    72 |     9 ||    81
  Use: Potion            |       |     2 ||     2
Armor: Robe              |     1 |       ||     1
       Leather armour    |       |     4 ||     4
Dodge: Dodged            |    19 |     5 ||    24
Block: Buckler           |     1 |       ||     1

Table legend: (Time is in decaauts)
 A = Elapsed time spent in this place.
 B = Non-inter-level travel time spent in this place.
 C = Inter-level travel time spent in this place.
 D = Time resting spent in this place.
 E = Time spent auto-exploring this place.
 F = Levels seen in this place.
 G = Mean time per level.
                   A        B        C        D        E       F      G
               +--------+--------+--------+--------+--------+-----+--------+
         Total |   2222 |   2119 |    103 |      0 |   1854 |   4 |  555.5 |
       Dungeon |   2222 |   2119 |    103 |      0 |   1854 |   4 |  555.5 |
               +--------+--------+--------+--------+--------+-----+--------+

Top non-repeatable levels by time:
     D:2: 1058 daAuts
     D:1: 1029 daAuts
     D:3: 119 daAuts
     D:6: 14 daAuts
